 Dungeon Crawl Stone Soup version 0.18.1-8-gdd0e5ea (webtiles) character file.

31 Karodes the Skirmisher (level 3, 0/29 HPs)
             Began as a Demonspawn Abyssal Knight on May 24, 2016.
             Was a Believer of Lugonu.
             Succumbed to an adder's poison
             ... on level 2 of the Dungeon.
             The game lasted 00:14:22 (938 turns).

Karodes the Skirmisher (Demonspawn Abyssal Knight)   Turns: 938, Time: 00:14:22

Health: 0/29       AC:  3    Str: 12    XL:     3   Next: 7%
Magic:  3/4        EV: 11    Int: 18    God:    Lugonu [**....]
Gold:   104        SH:  0    Dex: 13    Spells: 0 memorised, 2 levels left

rFire  . . .     SeeInvis .     a - +1 falchion {Inicial}
rCold  . . .     Gourm    .     b - +0 leather armour
rNeg   . . .     Faith    .     (no shield)
rPois  .         Spirit   .     (no helmet)
rElec  .         Dismiss  .     (no cloak)
rCorr  .         Reflect  .     (no gloves)
SustAt .         Harm     .     (no boots)
MR     .....                    (no amulet)
Stlth  ++........               (no ring)
                                (no ring)

@: brilliant, lethally poisoned (0 -> -11), not resistant to hostile
enchantments, unstealthy
A: hooves 1, nightstalker 1
a: Depart the Abyss, Bend Space, Renounce Religion


You were on level 2 of the Dungeon.
You worshipped Lugonu.
Lugonu was pleased with you.
You were full.

You visited 1 branch of the dungeon, and saw 2 of its levels.
You visited the Abyss 1 time.

You collected 104 gold pieces.

Inventory:

Hand Weapons
 a - a +1 falchion (weapon) {Inicial}
 c - a +0 short sword
 e - a +0 hunting sling
 i - a +0 short sword
 n - a +0 short sword
 o - a +0 dagger
 q - a +0 hand axe
Missiles
 g - 10 sling bullets
 j - 16 stones (quivered)
 m - 14 poisoned needles
Armour
 b - a +0 leather armour (worn)
Scrolls
 d - 2 scrolls of enchant weapon {unknown}
 f - a scroll of random uselessness {unknown}
 h - 2 scrolls of identify {unknown}
Comestibles
 l - a bread ration
 p - 3 fruits


   Skills:
 + Level 3.4 Fighting
 * Level 2.4 Long Blades
 + Level 1.9 Armour
 * Level 1.2 Dodging
 - Level 2.5 Invocations


You had 2 spell levels left.
You didn't know any spells.

Dungeon Overview and Level Annotations

Branches:
Dungeon (2/15)

Altars:


Innate Abilities, Weirdness & Mutations

You have large cloven feet.
You are slightly more attuned to the shadows.


Message History

* * * LOW HITPOINT WARNING * * *
You are lethally poisoned!
The adder poisons you!
You closely miss the adder. Your kick misses the adder.
The adder is severely wounded.
The adder closely misses you. The adder bites you.
* * * LOW HITPOINT WARNING * * *
You are more poisoned.
The adder poisons you! Space bends around you!
You blink.
* * * LOW HITPOINT WARNING * * *
You feel slightly less full.
* * * LOW HITPOINT WARNING * * *
You feel sick.
Found a stone staircase leading down.
* * * LOW HITPOINT WARNING * * *
You feel sick.
It was a potion of brilliance.
You feel clever all of a sudden.
You die...

#### # ### ....
..## ####.#>......
... ....#.#.....
..#### #......#
#.#.. #@# #.#.#
#.#########.#.####
#.S..ยง............
#.#########.#.####
#.# #.#.#### #.#
#.#.#... #.#
#.#.#... #.#
#.#..... #.#.#...


You could see an adder.

Vanquished Creatures
  An ooze (D:1)
  A giant gecko (D:1)
  2 giant cockroaches (D:1)
  3 goblins (D:1)
  5 hobgoblins
  3 jackals (D:2)
  4 kobolds
  2 giant newts (D:1)
  2 rats
23 creatures vanquished.

Notes
Turn   | Place    | Note
--------------------------------------------------------------
     0 | Abyss:1  | Karodes the Demonspawn Abyssal Knight began the quest for the Orb.
     0 | Abyss:1  | Reached XP level 1. HP: 18/18 MP: 2/2
    21 | D:1      | Escaped the Abyss
   199 | D:1      | Gained mutation: You are slightly more attuned to the shadows. [demonic ancestry]
   199 | D:1      | Reached XP level 2. HP: 8/24 MP: 3/3
   419 | D:1      | Reached skill level 1 in Dodging
   660 | D:2      | Reached ** piety under Lugonu
   699 | D:2      | Gained mutation: You have large cloven feet. [demonic ancestry]
   699 | D:2      | Reached XP level 3. HP: 11/29 MP: 4/4
   937 | D:2      | HP: 1/29 [poisoned by an adder]
   938 | D:2      | Succumbed to an adder's poison

Skill      XL: |  1  2 |
---------------+-------+-----
Long Blades    | 2 |  2.4
Dodging        | 1 |  1.2
Fighting       | |  3.4
Armour         | |  1.9
Invocations    | |  2.5

Action                   || total
-------------------------++-------
Melee: Falchion          ||    83
       Kick              ||     5
Invok: Bend Space        ||     1
  Use: Potion            ||     1
 Stab: Sleeping          ||     1
  Eat: Bread ration      ||     1
Armor: Leather armour    ||    17
Dodge: Dodged            ||    54
